Map: Abyssal Reef LE

Players

Indy - Winner!

  • Race: Protoss Protoss
  • Spawn Location: 5:00

ReiGn

  • Race: Protoss Protoss
  • Spawn Location: 11:00

Event: WCS Valencia 2017

VOD

Have the link to the VOD?

Description

Time

  • Played on: July 13, 2017, 7:15 a.m.
  • Length: 8:25

All games in this series

Show
View Real Time Build Order
Export as new Build Order

Indy Protoss - Winner!

Build Orders:  

Get SALT Encoding   

  12  0:00  Probe (Chrono Boost)  
  13  0:11  Probe (Chrono Boost)  
  14  0:17  Pylon  
  14  0:21  Probe (Chrono Boost)  
  15  0:36  Probe (Chrono Boost), Gateway  
  16  0:45  Assimilator  
  16  0:46  Probe (Chrono Boost)  
  17  0:50  Assimilator  
  18  0:57  Probe (Chrono Boost)  
  18  1:04  Gateway  
  18  1:08  Probe (Chrono Boost)  
  20  1:18  Probe (Chrono Boost)  
  20  1:23  Cybernetics Core  
  20  1:29  Probe (Chrono Boost)  
  21  1:33  Pylon  
  21  1:39  Probe (Chrono Boost)  
  22  1:50  Probe (Chrono Boost)  
  23  2:00  Stalker, Warp Gate (Chrono Boost)  
  23  2:01  Mothership Core (Chrono Boost)  
  27  2:08  Stalker  
  29  2:16  Pylon  
  29  2:19  Probe (Chrono Boost)  
  30  2:34  Stalker  
  33  2:40  Stalker  
  34  3:03  Nexus  
  34  3:14  Probe (Chrono Boost)  
  34  3:18  Sentry  
  37  3:20  Pylon  
  37  3:25  Probe (Chrono Boost)  
  36  3:35  Probe (Chrono Boost)  
  37  3:44  Robotics Facility  
  37  3:46  Probe (Chrono Boost)  
  38  3:56  Adept x2  
  38  3:57  Probe (Chrono Boost)  
  43  4:07  Probe (Chrono Boost)  
  44  4:16  Twilight Council  
  45  4:17  Probe (Chrono Boost)  
  45  4:18  Probe (Chrono Boost)  
  46  4:27  Probe (Chrono Boost)  
  46  4:28  Probe (Chrono Boost)  
  48  4:34  Observer (Chrono Boost)  
  48  4:36  Probe  
  50  4:39  Probe  
  50  4:45  Sentry  
  53  4:46  Pylon  
  53  4:47  Probe  
  58  4:53  Immortal (Chrono Boost)  
  58  4:57  Probe x2  
  60  5:08  Probe  
  60  5:09  Probe  
  60  5:10  Pylon  
  60  5:12  Stalker x2  
  63  5:21  Probe  
  63  5:23  Probe  
  63  5:26  Immortal (Chrono Boost)  
  69  5:33  Probe  
  69  5:35  Probe  
  69  5:41  Assimilator  
  69  5:48  Blink (Chrono Boost)  
  67  5:51  Probe x2, Gateway  
  67  5:52  Gateway  
  67  5:54  Assimilator  
  69  5:58  Observer  
  69  6:03  Adept x2  
  74  6:04  Probe x2  
  74  6:11  Pylon  
  75  6:18  Gateway  
  75  6:19  Gateway  
  75  6:24  Stalker x2  
  77  6:30  Pylon x2  
  77  6:31  Warp Prism  
  77  6:44  Probe  
  77  6:45  Probe  
  77  6:49  Stalker x2  
  81  7:09  Pylon  
  81  7:10  Observer  
  80  7:17  Stalker x6  
  90  7:24  Pylon  
  90  7:42  Stalker x5  
  90  7:43  Stalker  
  102  7:53  Probe x2  
  105  8:05  Probe  
  105  8:08  Stalker x5  
Show
View Real Time Build Order
Export as new Build Order

ReiGn Protoss 

Build Orders: Blink Stalkers 

Get SALT Encoding   

  12  0:01  Probe (Chrono Boost)  
  13  0:11  Probe (Chrono Boost)  
  14  0:18  Pylon  
  14  0:22  Probe (Chrono Boost)  
  15  0:36  Probe (Chrono Boost)  
  15  0:37  Gateway  
  16  0:43  Assimilator  
  16  0:46  Probe (Chrono Boost)  
  17  0:51  Assimilator  
  17  0:57  Probe (Chrono Boost)  
  18  1:05  Gateway  
  18  1:08  Probe (Chrono Boost)  
  20  1:18  Probe (Chrono Boost)  
  20  1:24  Cybernetics Core  
  20  1:29  Probe (Chrono Boost)  
  21  1:38  Pylon  
  21  1:43  Probe (Chrono Boost)  
  23  1:54  Probe (Chrono Boost)  
  23  2:02  Warp Gate (Chrono Boost)  
  23  2:04  Adept x2  
  23  2:06  Mothership Core (Chrono Boost)  
  29  2:14  Pylon  
  29  2:26  Twilight Council  
  29  2:40  Stalker  
  29  2:41  Stalker  
  33  2:48  Probe  
  34  3:04  Blink (Chrono Boost)  
  34  3:34  Probe  
  33  3:36  Nexus  
  31  3:43  Robotics Facility  
  31  3:46  Probe  
  32  3:58  Probe, Stalker x2  
  37  4:05  Pylon  
  37  4:10  Probe  
  38  4:22  Probe  
  39  4:28  Stalker x2  
  43  4:31  Pylon  
  43  4:44  Probe  
  44  4:49  Observer (Chrono Boost)  
  44  4:51  Stalker  
  44  4:52  Stalker  
  49  4:53  Probe  
  50  5:01  Probe  
  50  5:04  Probe, Pylon  
  52  5:09  Observer (Chrono Boost)  
  52  5:13  Probe  
  54  5:14  Probe  
  53  5:24  Adept  
  53  5:25  Probe, Adept  
  53  5:26  Probe  
  58  5:35  Probe  
  57  5:38  Probe  
  57  5:46  Probe  
  58  5:50  Probe  
  58  5:56  Probe  
  59  6:02  Probe  
  61  6:07  Probe  
  62  6:13  Nexus  
  62  6:14  Probe  
  62  6:18  Probe (Chrono Boost)  
  64  6:26  Probe (Chrono Boost), Robotics Bay  
  64  6:30  Probe (Chrono Boost)  
  66  6:33  Robotics Facility  
  66  6:37  Probe (Chrono Boost)  
  67  6:40  Probe (Chrono Boost)  
  64  6:47  Probe (Chrono Boost)  
  64  6:51  Probe (Chrono Boost), Sentry x2  
  64  6:53  Assimilator  
  68  6:56  Assimilator  
  68  6:58  Probe (Chrono Boost)  
  68  7:01  Pylon, Probe (Chrono Boost)  
  69  7:03  Pylon  
  69  7:05  Pylon  
  70  7:16  Sentry  
  72  7:24  Gateway  
  72  7:26  Gateway  
  72  7:27  Observer (Chrono Boost)  
  73  7:30  Pylon, Disruptor (Chrono Boost)  
  73  7:32  Probe x2 (Chrono Boost)  
  73  7:35  Gateway  
  78  7:37  Gateway  
  78  7:38  Probe (Chrono Boost)  
  79  7:44  Pylon  
  79  7:47  Probe, Disruptor (Chrono Boost)  
  82  7:54  Stalker  
  77  8:16  Stalker x2  
  65  8:21  Stalker x2  
Tags
 
Add a new tag
Caveats
  • Supply blocks, unpowered buildings, or Contaminate may cause inaccurate times.
  • Supply counts are checked every 10 seconds.